 Dungeon Crawl Stone Soup version 0.30-a0-782-ge64f9170bb (webtiles) character file.

Game seed: 8332073093499944639

69 Dirian the Shield-Bearer (level 4, -2/41 HPs)
             Began as a Minotaur Fighter on Mar 9, 2023.
             Slain by Sigmund
             ... wielding a +5 heavy scythe
              (20 damage)
             ... on level 2 of the Dungeon.
             The game lasted 00:01:40 (1041 turns).

Dirian the Shield-Bearer (Minotaur Fighter)         Turns: 1041, Time: 00:01:41

Health: -2/41      AC:  7    Str: 22    XL:     4   Next: 2%
Magic:  3/3        EV:  9    Int:  5    God:
Gold:   76         SH:  4    Dex: 10    Spells: 3/3 levels left

rFire   . . .      SeeInvis .    a - +0 war axe
rCold   . . .      Faith    .    c - +0 buckler
rNeg    . . .      Spirit   .    b - +0 scale mail
rPois   .          Reflect  .    (helmet restricted)
rElec   .          Harm     .    (no cloak)
rCorr   .          Rampage  .    (no gloves)
Will    .....                    (no boots) Stlth
                                 (no amulet)
HPRegen 0.26/turn                (no ring)
MPRegen 0.08/turn                (no ring)

@: no status effects
A: horns 2, retaliatory headbutt
a: no special abilities


You were on level 2 of the Dungeon.
You visited 1 branch of the dungeon, and saw 2 of its levels.

You collected 76 gold pieces.

Inventory:

Hand Weapons
 a - a +0 war axe (weapon)
 g - a +0 mace
Armour
 b - a +0 scale mail (worn)
 c - a +0 buckler (worn)
Scrolls
 f - a scroll of torment {unknown}
 h - a scroll of poison
 i - a scroll of teleportation {unknown}
 r - a scroll of identify
 z - a scroll of blinking
Potions
 d - a potion of might
 e - a potion of brilliance {unknown}


   Skills:
 + Level 4.3 Fighting
 + Level 3.1 Axes
 + Level 4.4 Armour
 + Level 4.4 Shields


You had 3 spell levels left.
You didn't know any spells.
Your spell library contained the following spells:

 Spells                   Type           Power      Damage    Failure   Level
 Stone Arrow              Conj/Erth      0%         3d7       99%         3
 Animate Armour           Summ/Erth      0%         N/A       100%        4
 Lehudib's Crystal Spear  Conj/Erth      0%         10d2      100%        8


Dungeon Overview and Level Annotations

Branches:
Dungeon (2/15) Zot: 10920

Altars:

Annotations:
D:2 Sigmund


Innate Abilities, Weirdness & Mutations

You have a pair of horns on your head.
You reflexively headbutt those who attack you in melee.


Message History

You block the hobgoblin's attack. Sigmund asks, "Do you like me?"
Sigmund casts a spell at you. The puff of flame misses you.
You completely miss the hobgoblin. The hobgoblin completely misses you.
You furiously retaliate!
You headbutt the hobgoblin, but do no damage.
You closely miss the hobgoblin. The hobgoblin barely misses you.
You furiously retaliate!
You headbutt the hobgoblin.
You kill the hobgoblin!
Sigmund points at you and mumbles some strange words.
The magic dart hits you but does no damage.
You block Sigmund's attack.
You hit Sigmund.
Sigmund is lightly wounded.
You barely miss Sigmund.
Sigmund is lightly wounded.
Sigmund hits you with a +5 heavy scythe.
You hit Sigmund. Your headbutt misses Sigmund.
Sigmund is moderately wounded.
You hit Sigmund. Your headbutt misses Sigmund.
Sigmund is moderately wounded.
Sigmund closely misses you.
You closely miss Sigmund.
Sigmund is moderately wounded.
Sigmund hits you with a +5 heavy scythe.
You hit Sigmund.
Sigmund is moderately wounded.
You closely miss Sigmund.
Sigmund is moderately wounded.
You block Sigmund's attack.
You barely miss Sigmund. You headbutt Sigmund!
Sigmund is almost dead.
You hit Sigmund.
Sigmund is almost dead.
Sigmund hits you with a +5 heavy scythe!
You closely miss Sigmund. Your headbutt misses Sigmund.
Sigmund is almost dead.
Sigmund hits you with a +5 heavy scythe!!
You die...

######## #......#
######......# .......
............##.......
............##.......
............##.......
......@@....##.....
.................>.
........##.....##.#
...>....##.....##.#
........##.....##'####
.....................#
###....###...........#
..#.. +...........#
#...........#


You could see Sigmund.

Vanquished Creatures
  A gnoll (D:1)
  2 dart slugs (D:1)
  3 bats
  6 endoplasms
  4 giant cockroaches
  7 goblins
  3 hobgoblins
  3 jackals (D:1)
  4 kobolds
  5 quokkas
  3 ball pythons (D:1)
  2 frilled lizards
  3 rats
46 creatures vanquished.

Notes
Turn   | Place    | Note
-------+----------+-------------------------------------------
     0 | D:1      | Dirian the Minotaur Fighter began the quest for the Orb.
     0 | D:1      | Reached XP level 1. HP: 19/19 MP: 0/0
   106 | D:1      | Reached XP level 2. HP: 27/27 MP: 1/1
   247 | D:1      | Reached XP level 3. HP: 33/33 MP: 2/2
  1025 | D:2      | Reached XP level 4. HP: 41/41 MP: 3/3
  1026 | D:2      | Noticed Sigmund
  1041 | D:2      | Slain by Sigmund

Illustrated notes

Levels and vault maps discovered:
D:1:      dpeg_arrival_boxes_within_box, layout_loops_ring, chequers_avenue,
          minmay_circled_x
D:2:      cheibrodos_greedy_goblins, layout_basic, uniq_sigmund

Skill      XL: |  1  2  3 |
---------------+----------+-----
Armour         | 4 |  4.4
Fighting       | 4 |  4.3
Shields        | 4 |  4.4
Axes           | 3 |  3.1

Action                     |  1- 3 |  4- 6 || total
---------------------------+-------+-------++-------
  Melee: War axe           |    84 |    12 ||    96
         Headbutt          |    15 |     1 ||    16
    Use: Scroll            |     2 |       ||     2
 Armour: Scale mail        |    40 |     1 ||    41
  Dodge: Dodged            |    33 |     4 ||    37
  Block: Buckler           |    23 |     3 ||    26

Table legend: (Time is in decaauts)
 A = Elapsed time spent in this place.
 B = Non-inter-level travel time spent in this place.
 C = Inter-level travel time spent in this place.
 D = Time resting spent in this place.
 E = Time spent auto-exploring this place.
 F = Levels seen in this place.
 G = Mean time per level.
                   A        B        C        D        E       F      G
               +--------+--------+--------+--------+--------+-----+--------+
         Total |   1078 |   1049 |     29 |      0 |    792 |   2 |  539.0 |
       Dungeon |   1078 |   1049 |     29 |      0 |    792 |   2 |  539.0 |
               +--------+--------+--------+--------+--------+-----+--------+

Top non-repeatable levels by time:
     D:1: 850 daAuts
     D:2: 228 daAuts
